 Dungeon Crawl Stone Soup version 0.32-a0-473-gd044c6f0f0 (webtiles) character file.

Game seed: 13788015706918187667

145 cforsyth the Trooper (level 5, -1/63 HPs)
             Began as a Coglin Gladiator on Feb 25, 2024.
             Slain by a gnoll bouda
             ... wielding a +0 whip
              (4 damage)
             ... on level 3 of the Dungeon.
             The game lasted 00:03:11 (2280 turns).

cforsyth the Trooper (Coglin Gladiator)             Turns: 2280, Time: 00:03:12

Health: -1/63      AC: 22    Str: 17    XL:     5   Next: 27%
Magic:  5/5        EV:  2    Int:  7    God:
Gold:   163        SH:  5    Dex: 15    Spells: 4/4 levels left

rFire   . . .        a - +0 war axe {Cenhelm}
rCold   . . .        (no shield)
rNeg    . . .        k - melded +0 chain mail
rPois   +            c - melded +0 helmet
rElec   .            (cloak currently unavailable)
rCorr   .            (gloves currently unavailable)
SInv    .            (boots currently unavailable)
Will    .....        g - amulet of reflection
Stlth   +            (no ring)
HPRegen 0.30/turn    (no ring)
MPRegen 0.09/turn

%: reflection
@: tree-form, weakened, revved
A: stationary, stasis, torment immunity, boosted hp, off-hand wielding, slow
wielding, warmup strikes, (no rings)
a: no special abilities


You were on level 3 of the Dungeon.
You were a tree.
You visited 1 branch of the dungeon, and saw 4 of its levels.

You collected 163 gold pieces.


Innate Abilities, Weirdness & Mutations

You are a tree.
Your roots penetrate the ground, keeping you stationary.
You cannot be teleported.
You are immune to unholy pain and torment.
Your maximum health is greatly increased.
Your equipment is partially melded.
You can wield a second weapon in your off-hand.
It takes a long time for you to wield or remove held weapons.
Your first few attacks do less damage.
((Your grasper-arms cannot wear rings.))


   Skills:
 + Level 4.0 Fighting
 - Level 3.0 Axes
 - Level 1.7 Throwing
 + Level 2.9 Armour
 - Level 2.6 Dodging


You had 4 spell levels left.
You didn't know any spells.
Your spell library contained the following spells:

 Spells                   Type           Power      Damage    Failure   Level
 Magic Dart               Conj           0%         1d3       43%         1
 Sting                    Conj/Alch      0%         1d3       43%         1
 Mercury Vapours          Alch/Air       0%         N/A       56%         2
 Searing Ray              Conj           0%         2d4       56%         2
 Fulminant Prism          Conj/Alch      0%         3d5       99%         4
 Olgreb's Toxic Radiance  Alch           0%         N/A       99%         4

Inventory:

Hand Weapons
 a - a +0 war axe (weapon) {Cenhelm}
Missiles
 d - 3 throwing nets (quivered) {=f}
 e - a javelin
Armour
 b - a +0 leather armour
 c - a +0 helmet (melded)
 k - a +0 chain mail (melded)
 m - a +0 pair of boots
Jewellery
 g - an amulet of reflection (around neck)
Scrolls
 f - 2 scrolls of fear {unknown}
 j - a scroll of fog {unknown}
 l - 2 scrolls of immolation {unknown}
 o - 2 scrolls of identify {unknown}
 p - a scroll of silence {unknown}
 r - a scroll of torment {unknown}
Potions
 h - a potion of lignification
 i - a potion of might {unknown}
 n - a potion of mutation {unknown}
 q - a potion of haste {unknown}

Dungeon Overview and Level Annotations

Branches:
Dungeon (4/15)
 Temple: D:4-7

Altars:
Cheibriados
Qazlal
Xom
Yredelemnul

Shops:
D:1

: ###.## #.####.#### .....#
####...##.# .....## #<..##.##.#
......######.##.##.#
....#...........)..#######
###...##.........##......######
#.......#......#.##.####.#....#
#.......#....#.g)##.# #.#.##.#
#...........####♣##.# #.#<.#.#
#...........# ####.####.####.#
###.#.......# #...........#
#...#.......##### #####.#######
#.###...........# #.#
..###...........#######.#
..'...##.............>..#
..######........####..### ..#
#........# ###.##


You could see a gnoll bouda.


Message History

The gnoll bouda is heavily wounded.
The gnoll bouda hits you with a +0 whip.
* * * LOW HITPOINT WARNING * * *
You barely miss the gnoll bouda.
The gnoll bouda is heavily wounded.
The gnoll bouda closely misses you.
You barely miss the gnoll bouda.
The gnoll bouda is heavily wounded.
The gnoll bouda barely misses you.
The gnoll bouda hits you with a +0 whip.
* * * LOW HITPOINT WARNING * * *
Unknown command.
It was a potion of lignification.
You turn into a tree.
Your +0 helmet melds into your body.
Your +0 chain mail melds into your body.
Your roots penetrate the ground.
The gnoll bouda hits you with a +0 whip.
* * * LOW HITPOINT WARNING * * *
You completely miss the gnoll bouda.
The gnoll bouda is heavily wounded.
The gnoll bouda hits you but does no damage.
You hit the gnoll bouda.
The gnoll bouda is severely wounded.
The gnoll bouda gazes fiercely through you!
You feel your attacks grow feeble.
The gnoll bouda hits you but does no damage.
You hit the gnoll bouda but do no damage.
The gnoll bouda is severely wounded.
The gnoll bouda hits you with a +0 whip.
You die...

Skill      XL: |  1  2  3  4  5 |
---------------+----------------+-----
Armour         | 1 2 |  2.9
Fighting       | 3 4 |  4.0
Axes           | |  3.0
Throwing       | |  1.7
Dodging        | |  2.6

Action                     |  1- 3 |  4- 6 || total
---------------------------+-------+-------++-------
  Melee: War axe           |    99 |   118 ||   217
    Use: Potion            |       |     1 ||     1
   Stab: Sleeping          |     1 |       ||     1
 Armour: Leather armour    |    41 |       ||    41
         Chain mail        |    10 |    99 ||   109
         Skin              |       |     4 ||     4
  Dodge: Dodged            |    67 |    51 ||   118
  Block: Other             |    19 |    39 ||    58
         Reflection        |     1 |     1 ||     2

Levels and vault maps discovered:
D:1:      eino_arrival_druids_welcome, layout_rooms, serial_shops, shop
D:2:      layout_rooms, hellmonk_ecumenical_altar_run_dry, basic_altar
D:3:      layout_basic, mainiacjoe_overflow_catwalk_spiral,
          brannock_xom_greatest_gift, solitary_fountain,
          chequers_serial_rivers_small_3, minmay_box_of_dots
D:4:      layout_loops_ring, st_stairs_6, minmay_fractal_squares_gapless_5

Notes
Turn   | Place    | Note
-------+----------+-------------------------------------------
     0 | D:1      | cforsyth the Coglin Gladiator began the quest for the Orb.
     0 | D:1      | Reached XP level 1. HP: 16/16 MP: 1/1
    28 | D:1      | Reached XP level 2. HP: 23/23 MP: 2/2
    31 | D:1      | Reached skill level 1 in Armour
   236 | D:1      | Reached XP level 3. HP: 23/28 MP: 3/3
   446 | D:1      | Found Mod Nanell's Book Shoppe.
   504 | D:1      | Reached skill level 3 in Fighting
   653 | D:2      | Reached skill level 2 in Armour
   764 | D:2      | Found a basalt altar of Yredelemnul.
   899 | D:2      | Reached XP level 4. HP: 29/35 MP: 4/4
  1031 | D:2      | Found a faded altar of an unknown god.
  1625 | D:3      | Found a shimmering altar of Xom.
  1671 | D:3      | Reached XP level 5. HP: 42/42 MP: 5/5
  1712 | D:3      | Found a stormy altar of Qazlal.
  1719 | D:3      | Found a snail-covered altar of Cheibriados.
  2254 | D:3      | Reached skill level 4 in Fighting
  2276 | D:3      | HP: 2/42 [gnoll bouda/+0 whip (5)]
  2280 | D:3      | Slain by a gnoll bouda

Vanquished Creatures
  2 gnolls (D:3)
  4 adders
  5 dart slugs
  A ribbon worm (D:3)
  7 endoplasms
  4 giant cockroaches
  7 goblins
  6 hobgoblins
  4 jackals (D:2)
  3 quokkas (D:1)
  13 ball pythons
  7 bats
  2 frilled lizards
  6 kobolds
  3 rats
74 creatures vanquished.

Table legend: (Time is in decaauts)
 A = Elapsed time spent in this place.
 B = Non-inter-level travel time spent in this place.
 C = Inter-level travel time spent in this place.
 D = Time resting spent in this place.
 E = Time spent auto-exploring this place.
 F = Levels seen in this place.
 G = Mean time per level.
                   A        B        C        D        E       F      G
               +--------+--------+--------+--------+--------+-----+--------+
         Total |   2361 |   2310 |     51 |    244 |   1437 |   4 |  590.2 |
       Dungeon |   2361 |   2310 |     51 |    244 |   1437 |   4 |  590.2 |
               +--------+--------+--------+--------+--------+-----+--------+

Top non-repeatable levels by time:
     D:3: 968 daAuts
     D:2: 685 daAuts
     D:1: 654 daAuts
     D:4: 51 daAuts

Table legend:
 A = Non-vault XP
 B = Vault XP
 C = Vault XP percentage of total XP
 D = Non-vault monster count
 E = Vault monster count
 F = Vault count percentage of total count
                 A         B        C        D         E       F
            +---------+---------+-------+---------+---------+-------
      Total |     204 |       4 |   1.9 |      72 |       2 |   2.7
            +---------+---------+-------+---------+---------+-------
        D:1 |      57 |       0 |   0.0 |      32 |       0 |   0.0
        D:2 |      51 |       0 |   0.0 |      19 |       0 |   0.0
        D:3 |      96 |       4 |   4.0 |      21 |       2 |   8.7
            +---------+---------+-------+---------+---------+-------
